3A
LOUISIANA DRAGOONS @ GRIM REAPERS
06/16/2038
 
TOP OF THE 1ST
Louisiana Dragoons batting - Pitching for Grim Reapers : RHP Alberto López
Pitching: RHP Alberto López
Batting: RHB Colt Allen 0-0: Called Strike
0-1: Called Strike
0-2: Ball
1-2: Foul Ball, location: 2F
1-2: Ball
2-2: Strikes out swinging
Batting: RHB Mauro Jasso 0-0: Ball
1-0: Called Strike
1-1: Foul Ball, location: 2F
1-2: Strikes out looking
Batting: SHB Yeow-whye Zhu 0-0: Called Strike
0-1: Foul Ball, location: 2F
0-2: SINGLE (Groundball, 34D, EV 107.5 MPH)
Batting: LHB Abraham Ruenuitz 0-0: Ball
1-0: Foul Ball, location: 2F
1-1: Called Strike
1-2: Foul Ball, location: 2F
1-2: Ball
2-2: Ball
3-2: Foul Ball, location: 2F
3-2: Reached on error, E7 (Line Drive, 7S, EV 97.5 MPH)
Yeow-whye Zhu to third
Batting: RHB Jesse Garrett 0-0: Ball
1-0: Fly out, F8 (Line Drive, 8RM, EV 95.0 MPH)
Top of the 1st over - 0 runs, 1 hit, 1 error, 2 left on base; Louisiana 0 - Grim 0
BOTTOM OF THE 1ST
Grim Reapers batting - Pitching for Louisiana Dragoons : RHP Javier Solís
Pitching: RHP Javier Solís
Batting: LHB Lorenzo Ortíz 0-0: Ground out 4-3 (Groundball, 4, EV 99.4 MPH)
Batting: RHB Hayes Rutherford 0-0: Called Strike
0-1: Ground out 6-3 (Groundball, 6, EV 85.6 MPH)
Batting: RHB Lonnie Doble 0-0: Ball
1-0: Ball
2-0: Ball
3-0: Called Strike
3-1: Base on Balls
Batting: SHB Fernando Urby 0-0: Called Strike
0-1: Foul Ball, location: 2F
0-2: Foul Ball, location: 2F
0-2: Strikes out swinging
Bottom of the 1st over - 0 runs, 0 hits, 0 errors, 1 left on base; Louisiana 0 - Grim 0
TOP OF THE 2ND
Louisiana Dragoons batting - Pitching for Grim Reapers : RHP Alberto López
Batting: RHB Jun-soo Yi 0-0: Ball
1-0: Foul Ball, location: 2F
1-1: Swinging Strike
1-2: Ball
2-2: Ball
3-2: Ground out 6-3 (Groundball, 6, EV 85.6 MPH)
Batting: RHB Aubrey Callahan 0-0: Ground out 2-3 (Groundball, 15S, EV 68.1 MPH)
Batting: RHB Cristóbal Arteaga 0-0: Fly out, F4 (Popup, 34S, EV 74.4 MPH)
Top of the 2nd over - 0 runs, 0 hits, 0 errors, 0 left on base; Louisiana 0 - Grim 0
BOTTOM OF THE 2ND
Grim Reapers batting - Pitching for Louisiana Dragoons : RHP Javier Solís
Batting: LHB Lonnie Baker 0-0: Reached on error, E5 (Groundball, 5, EV 105.0 MPH)
Batting: RHB Adrián Sánchez 0-0: Swinging Strike
0-1: SINGLE (Groundball, 6, EV 88.1 MPH) (infield hit)
Lonnie Baker to second
Batting: RHB Cristo Mercado 0-0: Called Strike
0-1: Ball
1-1: Fielders Choice at 2nd, 6-4 (Groundball, 6, EV 108.8 MPH)
Lonnie Baker to third
Batting: RHB Alfred Coleman 0-0: Ball
Cristo Mercado is caught stealing 2nd base 2-4
1-0: Ball
2-0: Called Strike
2-1: SINGLE (Line Drive, 89M, EV 92.5 MPH)
Lonnie Baker scores
Pitching: RHP Dave Reynolds
Batting: SHB Leonard Davis 0-0: Foul Ball, location: 2F
0-1: Ball
1-1: Fly out, F7 (Flyball, 78D, EV 97.5 MPH)
Bottom of the 2nd over - 1 run, 2 hits, 1 error, 1 left on base; Louisiana 0 - Grim 1
TOP OF THE 3RD
Louisiana Dragoons batting - Pitching for Grim Reapers : RHP Alberto López
Batting: SHB Ron Carlisle 0-0: Ball
1-0: Foul Ball, location: 2F
1-1: Ball
2-1: Swinging Strike
2-2: Ball
3-2: Foul Ball, location: 2F
3-2: Strikes out swinging
Batting: RHB Colt Allen 0-0: Called Strike
0-1: Hit by Pitch
Batting: RHB Mauro Jasso 0-0: Called Strike
0-1: Ball
1-1: Ball
2-1: Swinging Strike
2-2: Ball
3-2: Foul Ball, location: 2F
3-2: Fly out, F6 (Popup, 6MD, EV 73.1 MPH)
Batting: SHB Yeow-whye Zhu 0-0: Ball
1-0: Fly out, F7 (Line Drive, 7, EV 89.4 MPH)
Top of the 3rd over - 0 runs, 0 hits, 0 errors, 1 left on base; Louisiana 0 - Grim 1
BOTTOM OF THE 3RD
Grim Reapers batting - Pitching for Louisiana Dragoons : RHP Dave Reynolds
Batting: LHB Lorenzo Ortíz 0-0: Ground out 2-3 (Groundball, 15S, EV 72.5 MPH)
Batting: RHB Hayes Rutherford 0-0: Swinging Strike
0-1: Fly out, F6 (Line Drive, 6, EV 66.2 MPH)
Batting: RHB Lonnie Doble 0-0: Ball
1-0: Ball
2-0: Ball
3-0: Called Strike
3-1: Base on Balls
Batting: SHB Fernando Urby 0-0: Foul Ball, location: 2F
0-1: Foul Ball, location: 2F
0-2: DOUBLE (Groundball, 3L, EV 105.6 MPH)
Lonnie Doble to third
Batting: LHB Lonnie Baker 0-0: Ball
1-0: Ball
2-0: Called Strike
2-1: Foul Ball, location: 2F
2-2: Ball
3-2: Base on Balls
Batting: RHB Adrián Sánchez 0-0: Fly out, F9 (Flyball, 9, EV 91.9 MPH)
Bottom of the 3rd over - 0 runs, 1 hit, 0 errors, 3 left on base; Louisiana 0 - Grim 1
TOP OF THE 4TH
Louisiana Dragoons batting - Pitching for Grim Reapers : RHP Alberto López
Batting: LHB Abraham Ruenuitz 0-0: Ball
1-0: Ball
2-0: Ball
3-0: Base on Balls
Batting: RHB Jesse Garrett 0-0: Swinging Strike
0-1: Ball
1-1: Ball
2-1: Called Strike
2-2: Ball
3-2: Strikes out swinging
Batting: RHB Jun-soo Yi 0-0: Called Strike
0-1: Foul Ball, location: 2F
0-2: Ball
1-2: Fly out, F9 (Flyball, 9LS, EV 92.5 MPH)
Batting: RHB Aubrey Callahan 0-0: Ball
1-0: Ball
2-0: Ball
3-0: Base on Balls
Abraham Ruenuitz to second
Batting: RHB Cristóbal Arteaga 0-0: Swinging Strike
0-1: Foul Ball, location: 2F
0-2: Ball
1-2: Ball
2-2: Strikes out swinging
Top of the 4th over - 0 runs, 0 hits, 0 errors, 2 left on base; Louisiana 0 - Grim 1
BOTTOM OF THE 4TH
Grim Reapers batting - Pitching for Louisiana Dragoons : RHP Dave Reynolds
Batting: RHB Cristo Mercado 0-0: Swinging Strike
0-1: Ball
1-1: Called Strike
1-2: Strikes out swinging
Batting: RHB Alfred Coleman 0-0: Ball
1-0: Swinging Strike
1-1: Ball
2-1: Swinging Strike
2-2: Fly out, F7 (Flyball, 7LS, EV 83.1 MPH)
Batting: SHB Leonard Davis 0-0: Ground out 6-3 (Groundball, 6, EV 84.4 MPH)
Bottom of the 4th over - 0 runs, 0 hits, 0 errors, 0 left on base; Louisiana 0 - Grim 1
TOP OF THE 5TH
Louisiana Dragoons batting - Pitching for Grim Reapers : RHP Alberto López
Batting: SHB Ron Carlisle 0-0: Called Strike
0-1: Foul Ball, location: 2F
0-2: Ball
1-2: Ball
2-2: Ball
3-2: Ground out 6-3 (Groundball, 6, EV 91.9 MPH)
Batting: RHB Colt Allen 0-0: Swinging Strike
0-1: Ball
1-1: Called Strike
1-2: Strikes out swinging
Batting: RHB Mauro Jasso 0-0: Called Strike
0-1: Swinging Strike
0-2: Ball
1-2: Ball
2-2: Strikes out looking
Top of the 5th over - 0 runs, 0 hits, 0 errors, 0 left on base; Louisiana 0 - Grim 1
BOTTOM OF THE 5TH
Grim Reapers batting - Pitching for Louisiana Dragoons : RHP Dave Reynolds
Batting: LHB Lorenzo Ortíz 0-0: Ball
1-0: Ball
2-0: Ball
3-0: Base on Balls
Batting: RHB Hayes Rutherford 0-0: Bunted foul
0-1: Swinging Strike
Lorenzo Ortíz steals 2nd base
0-2: SINGLE (Line Drive, 78M, EV 106.2 MPH)
Lorenzo Ortíz to third
Pitching: RHP Al Verkler
Batting: RHB Lonnie Doble 0-0: Swinging Strike
0-1: Ball
1-1: Swinging Strike
1-2: Ball
2-2: Foul Ball, location: 2F
2-2: Strikes out looking
Batting: SHB Fernando Urby 0-0: Fly out, F7 (Line Drive, 7D, EV 109.4 MPH)
Runner from 3rd tags up, SCORES, no throw by LF
Batting: LHB Lonnie Baker 0-0: Fly out, F8 (Flyball, 8LM, EV 85.6 MPH)
Bottom of the 5th over - 1 run, 1 hit, 0 errors, 1 left on base; Louisiana 0 - Grim 2
TOP OF THE 6TH
Louisiana Dragoons batting - Pitching for Grim Reapers : RHP Alberto López
Batting: SHB Yeow-whye Zhu 0-0: Called Strike
0-1: Swinging Strike
0-2: Foul Ball, location: 2F
0-2: Ball
1-2: Strikes out swinging
Pitching: RHP John Weaver
Batting: LHB Abraham Ruenuitz 0-0: Called Strike
0-1: Swinging Strike
0-2: Strikes out swinging
Batting: RHB Jesse Garrett 0-0: Called Strike
0-1: Ball
1-1: SINGLE (Groundball, 6MD, EV 105.6 MPH)
Batting: RHB Jun-soo Yi 0-0: Ball
1-0: Called Strike
1-1: Ball
2-1: Ball
3-1: Called Strike
3-2: Foul Ball, location: 2F
3-2: Base on Balls
Jesse Garrett to second
Batting: RHB Aubrey Callahan 0-0: Ball
Wild Pitch!
Jesse Garrett to third
Jun-soo Yi to second
1-0: Fly out, F7 (Flyball, 7S, EV 80.6 MPH)
Top of the 6th over - 0 runs, 1 hit, 0 errors, 2 left on base; Louisiana 0 - Grim 2
BOTTOM OF THE 6TH
Grim Reapers batting - Pitching for Louisiana Dragoons : RHP Al Verkler
Batting: RHB Adrián Sánchez 0-0: Called Strike
0-1: Ground out 5-3 (Groundball, 5L, EV 87.5 MPH)
Batting: RHB Cristo Mercado 0-0: SINGLE (Groundball, 6M, EV 97.5 MPH) (infield hit)
Batting: RHB Alfred Coleman 0-0: Ball
1-0: Swinging Strike
1-1: Called Strike
Cristo Mercado is caught stealing 2nd base 2-4
1-2: Ball
2-2: Ball
3-2: Fly out, F9 (Flyball, 89S, EV 77.5 MPH)
Bottom of the 6th over - 0 runs, 1 hit, 0 errors, 0 left on base; Louisiana 0 - Grim 2
TOP OF THE 7TH
Louisiana Dragoons batting - Pitching for Grim Reapers : RHP John Weaver
Batting: RHB Cristóbal Arteaga 0-0: Ball
1-0: Called Strike
1-1: Fly out, F2 (Popup, 3SF, EV 75.0 MPH)
Batting: SHB Ron Carlisle 0-0: Called Strike
0-1: Fly out, F8 (Flyball, 8RXD, EV 101.9 MPH)
Batting: RHB Colt Allen 0-0: Called Strike
0-1: Ball
1-1: Ball
2-1: Ball
3-1: Called Strike
3-2: Base on Balls
Batting: RHB Mauro Jasso 0-0: Ball
1-0: Foul Ball, location: 2F
1-1: Hit by Pitch
Colt Allen to second
Batting: SHB Yeow-whye Zhu 0-0: Called Strike
0-1: Foul Ball, location: 2F
0-2: SINGLE (Line Drive, 3L, EV 96.9 MPH)
Colt Allen to third
Mauro Jasso to second
Batting: LHB Abraham Ruenuitz 0-0: Foul Ball, location: 2F
0-1: Ball
1-1: Foul Ball, location: 2F
1-2: Foul Ball, location: 2F
1-2: Ball
2-2: Foul Ball, location: 2F
2-2: Fielders Choice at 2nd, 5-4 (Groundball, 56, EV 103.1 MPH)
Top of the 7th over - 0 runs, 1 hit, 0 errors, 3 left on base; Louisiana 0 - Grim 2
BOTTOM OF THE 7TH
Grim Reapers batting - Pitching for Louisiana Dragoons : RHP Al Verkler
Batting: SHB Leonard Davis 0-0: Ball
1-0: Called Strike
1-1: Ground out 4-3 (Groundball, 4, EV 103.8 MPH)
Batting: LHB Lorenzo Ortíz 0-0: Called Strike
0-1: Swinging Strike
0-2: Strikes out swinging
Batting: RHB Hayes Rutherford 0-0: Swinging Strike
0-1: Ground out 3-1 (Groundball, 34, EV 101.9 MPH)
Bottom of the 7th over - 0 runs, 0 hits, 0 errors, 0 left on base; Louisiana 0 - Grim 2
TOP OF THE 8TH
Louisiana Dragoons batting - Pitching for Grim Reapers : RHP John Weaver
Batting: RHB Jesse Garrett 0-0: Ball
1-0: Ball
2-0: Ball
3-0: Called Strike
3-1: Base on Balls
Pitching: RHP Alex O'Dell
Batting: RHB Jun-soo Yi 0-0: Called Strike
0-1: Called Strike
0-2: Ball
1-2: Foul Ball, location: 2F
1-2: Strikes out looking
Batting: RHB Aubrey Callahan 0-0: Ball
1-0: Ground out 4-3 (Groundball, 4M, EV 79.4 MPH)
Jesse Garrett to second
Batting: RHB Cristóbal Arteaga 0-0: Ball
1-0: Called Strike
1-1: Swinging Strike
1-2: Ball
2-2: Strikes out swinging
Top of the 8th over - 0 runs, 0 hits, 0 errors, 1 left on base; Louisiana 0 - Grim 2
BOTTOM OF THE 8TH
Grim Reapers batting - Pitching for Louisiana Dragoons : RHP Al Verkler
Batting: RHB Lonnie Doble 0-0: Called Strike
0-1: Swinging Strike
0-2: Foul Ball, location: 2F
0-2: Ball
1-2: Foul Ball, location: 2F
1-2: SINGLE (Groundball, 6D, EV 97.5 MPH)
Batting: SHB Fernando Urby 0-0: Ball
1-0: Called Strike
1-1: Ball
2-1: Fly out, F7 (Flyball, 7, EV 86.2 MPH)
Batting: LHB Lonnie Baker 0-0: Swinging Strike
0-1: Foul Ball, location: 2F
0-2: Ball
1-2: Foul Ball, location: 2F
1-2: 2-RUN HOME RUN (Line Drive, 9LD, EV 100.0 MPH), Distance : 338 ft
Batting: RHB Adrián Sánchez 0-0: Foul Ball, location: 2F
0-1: Called Strike
0-2: Strikes out swinging
Batting: RHB Cristo Mercado 0-0: Called Strike
0-1: Foul Ball, location: 2F
0-2: Ball
1-2: Foul Ball, location: 2F
1-2: Strikes out looking
Bottom of the 8th over - 2 runs, 2 hits, 0 errors, 0 left on base; Louisiana 0 - Grim 4
TOP OF THE 9TH
Louisiana Dragoons batting - Pitching for Grim Reapers : RHP Alex O'Dell
Batting: SHB Ron Carlisle 0-0: Foul Ball, location: 2F
0-1: Ball
1-1: Called Strike
1-2: Ball
2-2: Fly out, F9 (Flyball, 9S, EV 93.1 MPH)
Batting: RHB Colt Allen 0-0: Ball
1-0: Foul Ball, location: 2F
1-1: Called Strike
1-2: Ball
2-2: Ball
3-2: SINGLE (Groundball, 6, EV 108.1 MPH) (infield hit)
Batting: RHB Mauro Jasso 0-0: Ball
1-0: Called Strike
1-1: Called Strike
1-2: Strikes out swinging
Batting: SHB Yeow-whye Zhu 0-0: Ball
1-0: Fly out, F7 (Flyball, 78S, EV 83.8 MPH)
Top of the 9th over - 0 runs, 1 hit, 0 errors, 1 left on base; Louisiana 0 - Grim 4
Friday, April 17th, 2020 - OOTP Baseball 20.8 Build 74